AoeStats
← Baron Morg Von Wigard

Arena

512927368Analyzed
4v4 RM · 5d ago on Oct 11, 2026· 46m 1s· 8 players
Game mode
Random Map
Map size
Large (8 player)
Population
200
Speed
Normal
Resources
Standard
Victory
Conquest
Starting age
Dark Age
Ending age
Imperial Age
RankedLock teamsTeams togetherTeam positionsShared explorationLock speedFull tech treeHidden civsTurbo modeCheats
Victory
Defeat
🇫🇷 Britons · France
1406
+15
🇹🇼 Italians · Taiwan
1354
+17
🇹🇼 Khmer · Taiwan
1330
+18
🇧🇪 Burmese · Belgium
1300
+19
vs
🇹🇼 Britons · Taiwan
1402
-18
🇹🇼 Spanish · Taiwan
1372
-17
🇦🇷 Mongols · Argentina
1368
-17
🇹🇼 Wei · Taiwan
1365
-17
lightslee
10:26 Feudal Age
11:44 Double-Bit Axe
11:46 Horse Collar
14:34 Castle Age
15:27 Bow Saw
16:42 Wheelbarrow
17:07 Town Watch
20:13 Loom
21:38 Heavy Plow
22:53 Gold Mining
28:48 Imperial Age
26:13 Fletching
26:18 Elite Skirmisher
27:10 Padded Archer Armor
27:25 Stone Mining
27:53 Fortified Wall
28:45 Hand Cart
28:42 Bodkin Arrow
29:11 Ballistics
30:16 Bracer
31:18 Chemistry
31:40 Leather Archer Armor
33:00 Two-Man Saw
33:27 Conscription
33:12 Onager
35:31 Ring Archer Armor
38:39 Stone Shaft Mining
38:36 Crop Rotation
40:26 Crossbowman
41:11 Thumb Ring
41:21 Pirotechnia
43:20 Town Patrol
45:27 Scale Barding Armor
45:32 Forging
LanaAio
10:27 Feudal Age
14:43 Castle Age
12:55 Horse Collar
16:35 Wheelbarrow
18:51 Heavy Plow
20:46 Sanctity
24:41 Hand Cart
29:08 Imperial Age
26:30 Loom
30:38 Bloodlines
30:28 Husbandry
29:50 Elite Battle Elephant
30:55 Scale Barding Armor
31:00 Forging
31:08 Gold Mining
33:06 Chain Barding Armor
33:37 Light Cavalry
34:57 Plate Barding Armor
36:18 Pikeman
36:59 Squires
37:25 Scale Mail Armor
37:08 Halberdier
39:19 Chain Mail Armor
40:21 Iron Casting
42:23 Plate Mail Armor
42:54 Blast Furnace
Dean
10:10 Feudal Age
13:28 Castle Age
11:38 Double-Bit Axe
12:28 Horse Collar
16:25 Loom
19:49 Bow Saw
20:41 Heavy Plow
21:50 Wheelbarrow
21:25 Town Watch
23:45 Forging
24:23 Scale Barding Armor
24:48 Stone Mining
24:52 Gold Mining
26:02 Hand Cart
26:12 Husbandry
26:24 Bloodlines
29:13 Imperial Age
28:10 Gold Shaft Mining
28:13 Chain Barding Armor
29:58 Iron Casting
30:17 Conscription
29:56 Elite Battle Elephant
33:33 Blast Furnace
32:57 Ballistics
34:52 Tusk Swords
36:10 Plate Barding Armor
35:49 Masonry
38:36 Sanctity
38:32 Town Patrol
38:11 Capped Ram
40:03 Siege Ram
43:54 Double Crossbow
44:03 Siege Engineers
44:59 Chemistry
44:08 Light Cavalry
44:45 Hussar
Baron Morg Von Wigard
6:43 Loom
10:38 Feudal Age
12:11 Double-Bit Axe
14:33 Castle Age
13:35 Horse Collar
16:11 Fletching
18:28 Loom
21:58 Padded Archer Armor
22:58 Wheelbarrow
23:00 Bow Saw
24:08 Bodkin Arrow
24:17 Gold Mining
25:27 Hand Cart
25:55 Leather Archer Armor
29:39 Imperial Age
28:03 Ballistics
29:40 Yeomen
30:57 Conscription
30:39 Bracer
33:54 Chemistry
33:15 Pikeman
34:58 Elite Longbowman
39:08 Town Watch
40:24 Stone Mining
ya78911121
11:01 Feudal Age
14:40 Castle Age
12:29 Horse Collar
12:37 Double-Bit Axe
13:22 Loom
13:39 Horse Collar
16:33 Bow Saw
24:37 Heavy Plow
29:49 Imperial Age
29:23 Gold Mining
30:22 Ballistics
31:59 Chemistry
33:41 Two-Man Saw
33:59 Conscription
34:08 Pikeman
35:08 Squires
34:45 Halberdier
38:28 Forging
38:28 Gambesons
41:31 Iron Casting
43:21 Wheelbarrow
42:58 Arson
45:19 Blast Furnace
45:06 Scale Mail Armor
dlic3247
10:19 Feudal Age
14:25 Castle Age
12:29 Horse Collar
13:18 Double-Bit Axe
19:20 Wheelbarrow
19:44 Gold Mining
20:10 Bow Saw
20:24 Town Watch
20:27 Loom
20:45 Stone Mining
26:22 Imperial Age
23:53 Fletching
23:47 Crossbowman
24:40 Bodkin Arrow
26:26 Hand Cart
26:30 Padded Archer Armor
26:51 Ballistics
29:16 Chemistry
28:25 Bracer
28:26 Scale Mail Armor
28:36 Forging
29:15 Gold Shaft Mining
30:38 Leather Archer Armor
30:35 Squires
30:16 Pikeman
31:40 Conscription
31:02 Halberdier
32:00 Chain Mail Armor
32:20 Iron Casting
33:34 Arbalester
38:06 Plate Mail Armor
38:37 Blast Furnace
40:04 Ring Archer Armor
41:17 Light Cavalry
41:58 Husbandry
42:05 Scale Barding Armor
44:24 Elite Skirmisher
moment1130
10:51 Feudal Age
11:54 Double-Bit Axe
14:32 Castle Age
12:18 Horse Collar
18:58 Gold Mining
20:50 Wheelbarrow
22:12 Stone Mining
28:19 Imperial Age
26:30 Stone Shaft Mining
26:31 Gold Shaft Mining
26:10 Loom
27:46 Heavy Plow
28:09 Scale Barding Armor
28:17 Scale Barding Armor
28:23 Forging
28:27 Fletching
28:37 Padded Archer Armor
28:49 Onager
29:55 Bow Saw
31:06 Conscription
33:51 Siege Engineers
34:48 Chemistry
33:49 Heavy Camel Rider
33:58 Light Cavalry
34:39 Husbandry
34:49 Bloodlines
35:24 Ballistics
36:20 Bodkin Arrow
36:41 Leather Archer Armor
37:15 Elite Mangudai
45:18 Drill
我不當非洲人啦JOJO
10:59 Feudal Age
11:55 Double-Bit Axe
14:40 Castle Age
12:29 Horse Collar
15:42 Bow Saw
20:35 Wheelbarrow
20:48 Gold Mining
22:19 Stone Mining
27:01 Imperial Age
24:17 Loom
25:10 Gold Shaft Mining
25:12 Stone Shaft Mining
24:45 Scale Barding Armor
26:01 Chain Barding Armor
25:53 Forging
26:26 Bloodlines
26:16 Husbandry
27:18 Heavy Hei Guang Cavalry
29:19 Iron Casting
32:01 Blast Furnace
32:30 Town Watch
33:18 Devotion
33:49 Conscription
33:55 Ming Guang Armor
34:08 Hand Cart
34:31 Masonry
35:19 Hoardings
34:46 Tuntian
36:03 Caravan
36:33 Coinage
39:45 Scale Mail Armor
39:47 Squires
39:07 Man-at-Arms
39:57 Long Swordsman
40:38 Squires
40:24 Arson
41:24 Chain Mail Armor
41:06 Pikeman
41:06 Two-Handed Swordsman
41:48 Murder Holes
41:59 Halberdier
44:49 Banking
Connection lost

Rejoining the realm…

Still unreachable

The connection could not be restored.

Session expired

The server has moved on; the page needs a fresh start.